 Dungeon Crawl Stone Soup version 0.29.1-15-g9cfb28693d (webtiles) character file.

Game seed: 13536769126912439747

483 sillygoose99 the Chopper (level 7, -3/54 HPs)
             Began as a Hill Orc Fighter on Apr 22, 2023.
             Was a Follower of Trog.
             Killed from afar by an electric eel (7 damage)
             ... with a bolt of electricity
             ... on level 4 of the Dungeon.
             The game lasted 00:10:14 (6116 turns).

sillygoose99 the Chopper (Hill Orc Fighter)         Turns: 6116, Time: 00:10:14

Health: -3/54      AC:  7    Str: 19    XL:     7   Next: 12%
Magic:  7/7        EV: 10    Int:  8    God:    Trog [*.....]
Gold:   184        SH:  0    Dex: 12    Spells: 6/6 levels left

rFire   . . .      SeeInvis .   s - +10 dark maul {vorpal}
rCold   . . .      Faith    .   (shield currently unavailable)
rNeg    . . .      Spirit   .   b - +0 scale mail
rPois   .          Reflect  .   (no helmet)
rElec   .          Harm     .   (no cloak)
rCorr   .          Rampage  .   (no gloves)
Will    .....                   (no boots)
Stlth   ..........              (no amulet)
HPRegen 0.18/turn               (no ring)
MPRegen 0.10/turn               (no ring)

@: no status effects
A: frail 1
a: Renounce Religion, Berserk


You were on level 4 of the Dungeon.
You worshipped Trog.
Trog was aware of your devotion.
You visited 1 branch of the dungeon, and saw 4 of its levels.

You collected 1336 gold pieces.
You spent 1152 gold pieces at shops.

Inventory:

Hand Weapons
 a - a +0 war axe
 d - a +0 sling
 g - a +0 flail
 j - a +0 scythe
 s - the +10 dark maul (weapon) {vorpal}
   (You bought it in a shop on level 3 of the Dungeon)

   It inflicts extra damage upon your enemies.
 u - a +2 trident of holy wrath
Missiles
 n - 5 poisoned darts (quivered)
Armour
 b - a +0 scale mail (worn)
 c - a +0 buckler
 h - a +2 buckler
 i - a +0 ring mail
 l - a +0 robe
 p - a +0 robe
 r - a +0 pair of gloves
Wands
 v - a wand of flame (19)
Scrolls
 e - 2 scrolls of butterflies
 k - a scroll of identify
 m - a scroll of magic mapping
Potions
 f - a potion of attraction
 o - a potion of invisibility
 t - a potion of curing
Miscellaneous
 q - a piece from Xom's chessboard (15/15)


   Skills:
 + Level 4.9 Fighting
 + Level 6.3 Axes
 + Level 0.7(3.3) Maces & Flails
 + Level 5.2 Armour
 + Level 1.0 Dodging
 + Level 0.8 Stealth
 + Level 4.1 Shields


You had 6 spell levels left.
You didn't know any spells.
Your spell library contained the following spells:

 Spells                   Type           Power      Damage    Failure   Level
 Confusing Touch          Hex            0%         N/A       98%         3
 Yara's Violent Unravell  Hex/Tmut       0%         3d3       100%        5
 Enfeeble                 Hex            0%         N/A       100%        7


Dungeon Overview and Level Annotations

Branches:
Dungeon (4/15)
 Temple: D:4-7

Altars:
Makhleb
Trog
Xom

Shops:
D:3 ?((

Annotations:
D:4 1 transporter


Innate Abilities, Weirdness & Mutations

You are frail. (-10% HP)


Message History

A hound comes into view.
There is a transporter here.
The hound bites you but does no damage.
You flatten the hound like a pancake!!!
You kill the hound!
Trog accepts your kill.
You see here a hound corpse.
You see here a hound corpse.
There is a transporter here.
You enter the transporter and appear at another place.
v - a wand of flame (19)
There is a transporter landing site here.
You now have 184 gold pieces (gained 10).
As you open the door, it creaks loudly!
The electric eel shoots out a bolt of lightning at you!
The bolt of electricity hits you! x2; The bolt of electricity hits the plant!
The plant begins to die.
The electric eel shoots out a bolt of lightning at you!
The bolt of electricity hits you! The bolt of electricity hits you.
There is an open door here.
The electric eel shoots out a bolt of lightning at you!
The bolt of electricity hits you.
The bolt of electricity hits the plant!
The bolt of electricity hits the plant.
You crush the plant like a grape!!!
The plant is heavily damaged.
A nearby plant withers and dies.
The electric eel shoots out a bolt of lightning at you!
The bolt of electricity hits you.
The electric eel shoots out a bolt of lightning at you!
The bolt of electricity hits you.
* * * LOW HITPOINT WARNING * * *
The electric eel shoots out a bolt of lightning at you!
The bolt of electricity hits you!
* * * LOW HITPOINT WARNING * * *
The electric eel shoots out a bolt of lightning at you!
The bolt of electricity misses you.
The bolt of electricity hits the plant!
The plant begins to die.
The bolt of electricity hits the plant!
The electric eel shoots out a bolt of lightning at you!
The bolt of electricity hits you!
You die...

#.# #.......# #.#.
#....#### ... ####.###
#.##########...##
#####................
#...................# #
#.###############.#..
#.##†#8P#S~~~~~~#P8#.##.
#.#..#.@#.(~~~~~#..#..#.
#...©#©.'..~♣P~~+[©#©...
###..#..#..~~~~~#..#..##
##.#8~#SS~~~~~#P8#.##
#.###############.#
#.................#
###################


You could see 3 electric eels.

Vanquished Creatures
  Sigmund (D:3)
  A black bear (D:4)
  A hound (D:4)
  Natasha (twice) (D:3)
  Robin (D:3)
  5 adders
  A worm (D:2)
  A dart slug (D:2)
  6 orcs
  7 bats
  4 endoplasms
  5 giant cockroaches
  7 hobgoblins
  3 jackals (D:2)
  4 kobolds
  4 quokkas
  4 ball pythons
  3 frilled lizards (D:1)
  12 goblins
  3 rats
  A butterfly (D:3)
76 creatures vanquished.

Vanquished Creatures (others)
  4 plants (D:4)
4 creatures vanquished.

Grand Total: 80 creatures vanquished

Notes
Turn   | Place    | Note
-------+----------+-------------------------------------------
     0 | D:1      | sillygoose99 the Hill Orc Fighter began the quest for the
                  | Orb.
     0 | D:1      | Reached XP level 1. HP: 19/19 MP: 1/1
   289 | D:1      | Reached XP level 2. HP: 27/27 MP: 2/2
   535 | D:1      | Reached skill level 3 in Axes
   708 | D:1      | Reached XP level 3. HP: 33/33 MP: 3/3
   981 | D:2      | Found a bloodstained altar of Trog.
  1033 | D:2      | Became a worshipper of Trog the Wrathful
  1495 | D:2      | Reached XP level 4. HP: 33/40 MP: 4/4
  1578 | D:2      | Reached skill level 4 in Axes
  2418 | D:3      | Found Wileluw's Weapon Boutique.
  2996 | D:3      | Noticed Robin
  3002 | D:3      | Gained mutation: You are frail. (-10% HP) [potion of
                  | mutation]
  3028 | D:3      | Killed Robin
  3033 | D:3      | Reached * piety under Trog
  3443 | D:3      | Found a burning altar of Makhleb.
  3530 | D:3      | Reached XP level 5. HP: 42/42 MP: 5/5
  3574 | D:3      | Found Loguw's Weapon Shoppe.
  3576 | D:3      | Found Jeketyts's Magic Scroll Shop.
  3582 | D:3      | Found Vipy's Antique Armour Shop.
  3620 | D:3      | Noticed Natasha
  3637 | D:3      | Killed Natasha
  3828 | D:3      | Found a shimmering altar of Xom.
  3966 | D:3      | Noticed Natasha
  3978 | D:3      | Identified a scroll of acquirement
  3978 | D:3      | Acquired 1138 gold pieces
  3981 | D:3      | Killed Natasha
  4479 | D:3      | Noticed Sigmund
  5045 | D:3      | Killed Sigmund
  5046 | D:3      | Reached skill level 5 in Axes
  5046 | D:3      | Reached skill level 1 in Dodging
  5046 | D:3      | Reached XP level 6. HP: 23/49 MP: 6/6
  5051 | D:3      | Bought the +10 dark maul {vorpal} for 933 gold pieces
  5051 | D:3      | Found the +10 dark maul {vorpal}
  5783 | D:3      | Bought a +2 trident of holy wrath for 219 gold pieces
  5939 | D:4      | Noticed a black bear
  5944 | D:4      | Killed a black bear
  5945 | D:4      | Reached skill level 6 in Axes
  5945 | D:4      | Reached skill level 5 in Armour
  5945 | D:4      | Reached XP level 7. HP: 41/54 MP: 7/7
  6062 | D:4      | Found a transporter.
  6083 | D:4      | Found a transporter.
  6116 | D:4      | Killed from afar by an electric eel

Illustrated notes

Levels and vault maps discovered:
D:1:      dpeg_arrival_tiny_c, layout_rooms, wad_floor_pattern_1
D:2:      layout_basic, basic_altar
D:3:      layout_basic, xom_butterflies, mainiacjoe_overflow_brackets,
          serial_shops, nicolae_shop_advertising_works
          [nicolae_subvault_shop_adworks], shop,
          nicolae_shop_bloodbath_and_beyond, shop, uniq_robin, uniq_sigmund,
          uniq_natasha
D:4:      gammafunk_steamed_eel, layout_basic, minmay_temple_entry_overgrown,
          serial_bayou_crossing, uniq_pikel

Skill      XL: |  1  2  3  4  5  6 |
---------------+-------------------+-----
Axes           | 3 4 5 6 |  6.3
Fighting       | 4 |  4.9
Armour         | 4 5 |  5.2
Dodging        | 1 |  1.0
Shields        | 4 |  4.1
Maces & Flails | |  0.7
Stealth        | |  0.8

Action                   |  1- 3 |  4- 6 |  7- 9 || total
-------------------------+-------+-------+-------++-------
Melee: War axe           |    77 |   144 |       ||   221
       Punch             |       |     1 |       ||     1
       Maul              |       |     6 |     5 ||    11
  Use: Potion            |     1 |     6 |       ||     7
       Scroll            |       |     6 |       ||     6
 Stab: Invisible         |       |     4 |       ||     4
Armor: Scale mail        |    57 |    79 |     3 ||   139
Dodge: Dodged            |    70 |   107 |     4 ||   181
Block: Buckler           |    30 |    33 |       ||    63
